[Event "12th WLC Weekend 2022"]
[Site "Eindhoven"]
[Date "2022.05.14"]
[Round "3.14"]
[White "Albers, Sasa"]
[Black "Winkels, Marcel"]
[Result "1-0"]
[ECO "B90"]
[WhiteElo "2117"]
[BlackElo "1965"]
[Annotator "TA"]
[PlyCount "87"]
[EventDate "2022.05.13"]
[EventType "swiss"]
[EventCountry "NED"]
[SourceTitle "playchess.com"]
[Source "ChessBase"]
[SourceQuality "1"]
[TimeControl "5400+30"]

1. e4 c5 2. Nf3 d6 3. d4 cxd4 4. Nxd4 Nf6 5. Nc3 a6 6. Be3 e5 7. Nb3 Be6 8. Qd2 Nbd7 9. f3 h5 10. O-O-O Be7 11. Kb1 Rc8 {[%emt 0:00:17] is recently more successful than 11...b5.} 12. Bd3 {[%emt 0:02:08] B90: Sicilian Najdorf: Unusual White 6th moves, 6 Be3 Ng4 and 6 Be3 e5.} b5 13. h3 h4 14. f4 {[%emt 0:01:59] The position is equal.} Qc7 15. Rhe1 Nb6 (15... O-O $1 $11) 16. Bxb6 $14 Qxb6 17. Nd5 $1 Bxd5 18. exd5 {[%emt 0:00:15] [#]} Nd7 $146 (18... Rh5 $14) ({Predecessor:} 18... Qc7 19. fxe5 dxe5 20. Qg5 O-O 21. Rxe5 Nxd5 22. Qf5 g6 23. Qe4 Nf6 24. Rxe7 Nxe4 25. Rxc7 Rxc7 26. Bxe4 {1-0 (34) Svidler,P (2723)-Gulkov,I (2358) Chess.com INT 2020}) 19. Bf5 $16 Bf6 (19... Rc7 $16 {keeps fighting.} 20. Na5 (20. Bxd7+ Rxd7 21. Na5 O-O $16) 20... O-O 21. Bxd7 Rxd7) 20. Na5 Rc7 21. Nc6 {[%emt 0:01:25] [#] Hoping for Qb4.} O-O 22. Bxd7 {[%emt 0:02:02] White is much more active. The black rooks are badly placed.} Rxd7 23. fxe5 dxe5 24. Nxe5 Rd6 25. Ng4 Qd8 26. Nxf6+ Qxf6 27. Re4 Rfd8 {[%emt 0:01:21] [#]} 28. Rd4 Re8 29. a3 Re5 30. Qb4 Re2 (30... Rg5 $16 31. R4d2 (31. Rxh4 Rgxd5 32. Rxd5 Rxd5 $16) 31... Rf5) 31. R4d2 ({White should try} 31. Rxh4 $18 Qf5 32. Qc3) 31... Re5 32. a4 bxa4 {[%emt 0:05:37] A mistake that costs the game.} (32... g5 $16 33. axb5 axb5) 33. Qxa4 $18 Qf5 34. Qb3 ({Less strong is} 34. Qxh4 Rexd5 35. Rxd5 Rxd5 $16) 34... Re8 {[%emt 0:01:46] Inhibits Qb8.} 35. Qd3 Qc8 36. c4 Rg6 $2 (36... Rdd8 37. Qc2 Qc5) 37. d6 {[%emt 0:04:05][%cal Bd5d6,Bd6d7][%mdl 32] Threatens to win with d7.} Qc6 38. d7 Rd8 39. Qd5 Qxd5 40. Rxd5 ({Inferior is} 40. cxd5 Rd6 $11) 40... Re6 41. c5 {[%emt 0:00:51] Strongly threatening Rd6.} Kf8 42. Rc1 {[%emt 0:01:15] And now c6 would win.} Rc6 43. Rd6 Rxd6 44. cxd6 {[%emt 0:00:02] Weighted Error Value: White=0.19 (very precise) /Black=0.46} 1-0

[Event "12th WLC Weekend 2022"]
[Site "Eindhoven"]
[Date "2022.05.14"]
[Round "3.15"]
[White "Van Helvoort, Rob"]
[Black "Weijers, Ralf"]
[Result "1/2-1/2"]
[ECO "B07"]
[WhiteElo "2133"]
[BlackElo "1857"]
[Annotator "TA"]
[PlyCount "58"]
[EventDate "2022.05.13"]
[EventType "swiss"]
[EventCountry "NED"]
[SourceTitle "playchess.com"]
[Source "ChessBase"]
[SourceQuality "1"]
[TimeControl "5400+30"]

1. e4 d6 2. d4 Nf6 3. Bd3 Nbd7 4. Ne2 e5 5. c3 c6 6. O-O {[%emt 0:01:18] B07: Pirc Defence: Miscellaneous Systems.} h6 7. f4 Be7 8. Nd2 {[%emt 0:07:51] [#] White is better.} exf4 $146 (8... O-O $14) ({Predecessor:} 8... Nb6 9. Nf3 exf4 10. Bxf4 Be6 11. Ng3 Qd7 12. e5 dxe5 13. Nxe5 Qc8 14. Nh5 Nxh5 15. Qxh5 {1-0 (28) Gjergji,R (1917)-Djukic,S (2197) Belgrade 2013}) 9. Nxf4 $16 ({Resist} 9. Rxf4 O-O $14) 9... g5 10. Ne2 Qc7 (10... Nh5 $16) 11. Ng3 $18 Nf8 12. Nc4 ({Don't take} 12. Qb3 $6 Be6 13. Qc2 O-O-O $16) 12... Bg4 13. Be2 Be6 14. Ne3 O-O-O 15. d5 Bd7 16. c4 Ng6 17. Ng4 (17. b4 $18) 17... Nxg4 18. Bxg4 Bxg4 19. Qxg4+ Kb8 20. Be3 Ne5 21. Qe2 h5 22. Nf5 Bf6 23. Bd4 {[%emt 0:02:17] White is more active.} (23. Nd4 $16 Be7 24. Rf5) 23... Ng4 $14 24. Bxf6 Nxf6 25. dxc6 bxc6 ({Black should play} 25... Qxc6 $14 26. Nd4 Qc5) 26. Qd3 Qb6+ {[%emt 0:03:08] [#]} (26... d5 $14) 27. Qd4 ({Better is} 27. Kh1 $1 $16) 27... Ng4 28. Qxb6+ axb6 29. Nd4 Ne5 {[%emt 0:00:15] Black defended with fortune.  Weighted Error Value: White=0.19 (very precise) /Black=0.20 (precise)} 1/2-1/2

[Event "12th WLC Weekend 2022"]
[Site "Eindhoven"]
[Date "2022.05.14"]
[Round "3.16"]
[White "Kools, Jasper"]
[Black "Coenen, Eduard"]
[Result "0-1"]
[ECO "A41"]
[WhiteElo "1774"]
[BlackElo "2030"]
[Annotator "TA"]
[PlyCount "66"]
[EventDate "2022.05.13"]
[EventType "swiss"]
[EventCountry "NED"]
[SourceTitle "playchess.com"]
[Source "ChessBase"]
[SourceQuality "1"]
[TimeControl "5400+30"]

1. d4 g6 2. g3 Bg7 3. Nf3 d6 4. Bg2 Nc6 5. O-O e5 6. dxe5 {[%emt 0:02:29] A41: 1 d4 d6: Tartakower System and Modern Defence.} dxe5 7. Qxd8+ Nxd8 8. Nc3 {[%emt 0:03:38] White is slightly better.} Ne6 {[%emt 0:05:04] [#]} 9. Be3 $146 (9. Ng5 $14) ({Predecessor:} 9. Ng5 Nxg5 10. Bxg5 f6 11. Be3 c6 12. Ne4 Ne7 13. Nd6+ Kd7 14. Rad1 Ke6 15. Bc5 {1-0 (29) Moradiabadi,E (2538)-De Hoogt,I (2131) Ghent 2018}) 9... Ne7 10. Rfd1 (10. Ng5 $5 ) 10... Nf5 11. Rd3 (11. Bd2 $11) 11... O-O 12. Rad1 Re8 13. Ne4 $2 (13. Bc1 $11) 13... b6 $2 (13... Nxe3 $19 14. Rxe3 f5) 14. Nfg5 $11 Rb8 (14... Nxe3 $11 15. Rxe3 h6) 15. Nxe6 $1 $14 Bxe6 16. Ng5 (16. Bg5 $16) 16... Bc4 $11 17. Rc3 Bxe2 18. Rd7 c5 19. Bd5 Re7 ({Black should play} 19... Red8 $1 $15 20. Bxf7+ Kh8) 20. Bxf7+ Kf8 21. Rxe7 Kxe7 22. Ra3 a5 {[%emt 0:03:32] [#] White must now prevent ...Rd8.} 23. Rb3 $2 (23. Bd5 $11 {and White stays safe.}) 23... Nd4 $19 24. Bxd4 (24. Bd5) 24... exd4 ({And not} 24... cxd4 25. Bd5 $17) 25. Bd5 c4 26. Ra3 Kd6 27. Bf3 d3 28. cxd3 Bxd3 29. Ne4+ Bxe4 30. Bxe4 Re8 31. f3 (31. Re3) 31... Bxb2 {[%emt 0:00:11] Black is clearly winning.} 32. Ra4 Kc5 {[%emt 0:00:36][%cal Oe8e4] aiming for ...Rxe4!} 33. Kf2 {[%emt 0:00:23] [#]} Rxe4 $1 {[%emt 0:01:02][%mdl 512] Weighted Error Value: White=0.76/Black=0.27 (precise)} 0-1

[Event "12th WLC Weekend 2022"]
[Site "Eindhoven"]
[Date "2022.05.14"]
[Round "3.17"]
[White "Faber, Hugo"]
[Black "Krenning, Jasper"]
[Result "1-0"]
[ECO "C62"]
[WhiteElo "2076"]
[BlackElo "1736"]
[Annotator "TA"]
[PlyCount "81"]
[EventDate "2022.05.13"]
[EventType "swiss"]
[EventCountry "NED"]
[SourceTitle "playchess.com"]
[Source "ChessBase"]
[SourceQuality "1"]
[TimeControl "5400+30"]

1. e4 e5 2. Nf3 Nc6 3. Bb5 d6 4. d4 exd4 5. Qxd4 Bd7 6. Bxc6 Bxc6 7. Bg5 f6 (7... Be7 $11 8. Qxg7 Bf6 9. Qxh8 Bxh8 10. Bxd8 Bxb2 11. Bxc7 Bxa1) 8. Bh4 {[%emt 0:00:45] C62: Ruy Lopez: Steinitz Defence.} h5 9. Nc3 {[%emt 0:05:04] [#]} Qd7 $146 ({Predecessor:} 9... Rh6 10. Bg3 g5 11. Qc4 Ne7 12. h4 g4 13. Nd4 Qd7 14. Ne6 f5 15. Ng5 Ng6 {1-0 (52) Amrein,R (2287)-Suket,F (2082) Szombathely 2003}) 10. h3 {[%emt 0:04:39] White is slightly better.} b6 11. O-O-O O-O-O 12. Qc4 Kb8 13. Rhe1 g5 (13... Ne7 $14) 14. Bg3 $16 Bb7 15. Nd4 {[%emt 0:02:14] 0x0.0024f7dd5093dp-1022s more active pieces.} (15. e5 $16) 15... Ne7 16. Ne6 {[%emt 0:03:56] Nb5 is the strong threat. Pair of Knights!} Ng6 $2 {[%emt 0:07:18] A mistake that costs the game.} 17. Nxd8 $18 Qxd8 18. Nd5 Ne5 19. Bxe5 fxe5 20. Rd3 c6 21. Nb4 Qc8 {[%emt 0:00:20] [#]} 22. Rc3 $1 c5 23. Qf7 g4 24. Nd5 Bh6+ {[%emt 0:02:57] [#]} 25. Kd1 $1 Qd8 26. Qe7 ({Don't do} 26. Qxh5 $6 Bxd5 27. exd5 Bd2 28. Qxg4 Bxc3 29. bxc3 Rg8 $16) 26... Bxd5 $2 (26... Qxe7 $16 {is a better defense.} 27. Nxe7 Bg5) 27. Qxd8+ Rxd8 28. exd5 $16 {[%emt 0:00:10][%mdl 4096] Endgame KRR-KRB} Rf8 29. Re2 Rf5 30. hxg4 hxg4 31. Rc4 g3 32. Ke1 {[%emt 0:03:33] Strongly threatening Rg4.} Bf4 33. fxg3 Bxg3+ 34. Kd2 {[%emt 0:00:08] Black must now prevent Rg4.} Rg5 {[%emt 0:02:49] Against Rg4} 35. Rc3 b5 36. Rf3 Bf4+ 37. Kd3 c4+ 38. Ke4 Bc1 39. c3 a5 40. g3 b4 41. Rc2 {[%emt 0:05:44] Weighted Error Value: White=0.16 (very precise) /Black=0.48} 1-0

[Event "12th WLC Weekend 2022"]
[Site "Eindhoven"]
[Date "2022.05.14"]
[Round "3.18"]
[White "Cebula, Jerzy"]
[Black "Oskam, Julian"]
[Result "1-0"]
[ECO "B90"]
[WhiteElo "1994"]
[BlackElo "1627"]
[Annotator "TA"]
[PlyCount "53"]
[EventDate "2022.05.13"]
[EventType "swiss"]
[EventCountry "NED"]
[SourceTitle "playchess.com"]
[Source "ChessBase"]
[SourceQuality "1"]
[TimeControl "5400+30"]

1. e4 c5 2. Nf3 d6 3. d4 cxd4 4. Nxd4 Nf6 5. Nc3 a6 6. Be3 e5 7. Nb3 Be6 8. Qd2 Nbd7 {[%emt 0:01:48] The main line 8...Nbd7 scores better than 8...Be7.} 9. f4 b5 {[%emt 0:06:04] B90: Sicilian Najdorf: Unusual White 6th moves, 6 Be3 Ng4 and 6 Be3 e5.} 10. f5 Bxb3 (10... Bc4 $11) 11. axb3 $14 {[%emt 0:00:08] [#]} b4 $146 (11... Be7 $14 {should be considered.}) ({Predecessor:} 11... Be7 12. Be2 O-O 13. Bf3 Nc5 14. b4 Ncd7 15. g4 d5 16. Nxd5 Nxd5 17. Qxd5 Bh4+ {1-0 (37) Martin,J (2280)-Piotrowski,P (2201) Warsaw 2016}) 12. Nd5 $16 {[%emt 0:00:36] White is much more active. The black rooks are badly placed.} Nxe4 (12... Be7 $16 {was worth a try.}) 13. Qxb4 $18 Nec5 (13... Nef6 {was called for.}) 14. Be2 (14. Qc4 $142) 14... Rb8 15. Qc4 $36 {[%emt 0:06:24][%mdl 2048] aiming for b4. Keeping Black busy.} a5 (15... Nb6 16. Nxb6 Qxb6) 16. O-O {[%emt 0:01:42][%cal Bh1f1,Bf1f4,Bf4e4][%mdl 32] Threatens to win with b4.} e4 (16... Be7 $142 17. Rfd1 O-O 18. Rxa5 Bg5 19. Bxg5 (19. Bxc5 Nxc5 20. b4 Nd7 $16) 19... Qxg5) 17. Qc3 Rc8 18. Bc4 Ra8 19. Bb5 Rg8 20. Rf4 {[%emt 0:09:01] Bxc5 is the strong threat.} Qb8 21. Bxc5 dxc5 22. Rxe4+ Kd8 {[%emt 0:00:07] [#]} 23. Rxa5 (23. Rae1 $142 $1 Be7 (23... Bd6 24. Qxg7) 24. Rxe7 Qxb5 25. Qxg7 $3 Kc8 26. Qxg8+ Kb7 27. Qxa8+ $3 Kxa8 28. Nc7+ Kb7 29. Nxb5) 23... c4 {[%emt 0:02:03] [#]} 24. Bxd7 (24. Re8+ $142 $3 Kxe8 {[#]} 25. Qe5+ $3 Kd8 26. Rxa8 Bc5+ 27. Kf1 Qxa8 28. Qc7+ Ke8 29. Bxd7+ Kf8 30. Qxc5#) 24... Kxd7 25. Rxc4 {[%emt 0:01:29] Intending Rc7+ and mate.} Bd6 {[%emt 0:06:47] Prevents Rc7+.} 26. Rxa8 Qxa8 27. Nb6+ {[%emt 0:00:19] Black did not feel at home in the position after the opening.  Weighted Error Value: White=0.78/Black=2.02} 1-0

[Event "12th WLC Weekend 2022"]
[Site "Eindhoven"]
[Date "2022.05.14"]
[Round "3.19"]
[White "Lind, Jacco"]
[Black "Smit, Maarten"]
[Result "0-1"]
[ECO "B11"]
[WhiteElo "1801"]
[BlackElo "2056"]
[Annotator "TA"]
[PlyCount "126"]
[EventDate "2022.05.13"]
[EventType "swiss"]
[EventCountry "NED"]
[SourceTitle "playchess.com"]
[Source "ChessBase"]
[SourceQuality "1"]
[TimeControl "5400+30"]

1. e4 c6 2. Nc3 d5 3. Nf3 Bg4 4. h3 Bh5 5. exd5 cxd5 6. g4 Bg6 7. Bb5+ Nc6 8. Ne5 Rc8 9. d4 e6 10. Qe2 {[%emt 0:00:10] Threatens to win with h4.} Qe7 {[%emt 0:28:12] B11: Caro-Kann: Two Knights Variation.} (10... Bd6 $11) 11. h4 ({White should play} 11. Bf4 $18) 11... f6 $16 {[%emt 0:00:29] [#]} 12. Nxg6 $146 (12. h5 $1 $16 Bf7 13. Bxc6+ (13. Nxf7 Kxf7 14. Be3 Qd7 $14) 13... bxc6 14. Nd3) ({Predecessor:} 12. h5 fxe5 13. hxg6 h6 14. dxe5 Qc7 15. f4 Bb4 16. Bd2 Nge7 17. O-O-O Nxg6 18. f5 Ngxe5 19. Bxc6+ bxc6 {1-0 (37) Azarov,S (2582)-Panarin,M (2486) Playchess.com INT 2005}) 12... hxg6 $14 {[%emt 0:00:07] White is slightly better.} 13. Qd3 Qf7 (13... Kf7 {is more complex.} 14. h5 gxh5 15. gxh5 Nh6) 14. Bd2 Bd6 15. O-O-O Nge7 16. f4 f5 17. gxf5 (17. g5 $14) 17... Nxf5 18. Rde1 Kf8 19. Bxc6 Rxc6 20. Nd1 (20. Kb1 $15) 20... Qf6 $1 $17 21. Bc3 (21. Kb1 $17 {is a better defense.}) 21... Bxf4+ 22. Kb1 Rxh4 23. Rhf1 (23. Qb5 $142) 23... a6 24. Ne3 g5 ({Weaker is} 24... Nxe3 25. Rxe3 g5 26. Rh3) (24... Bxe3 $19 25. Rxe3 g5) 25. Ng2 $1 $15 Rg4 26. Qh3 (26. Qe2 $1 $11 {was the only way to keep the balance.} Rg3 27. Nxf4 gxf4 28. Rxf4) 26... Nh6 $17 27. Rf3 Kg8 28. Ref1 Qg6 29. Nxf4 gxf4 ({Worse is} 29... Rxf4 30. Rxf4 gxf4 31. Rxf4 $17) 30. Rxf4 Rxf4 31. Rxf4 {[%emt 0:00:05] [#]} Qg5 (31... e5 $1 $17 32. Rf2 (32. dxe5 $2 d4 $19) 32... exd4 33. Bxd4 Qe4) 32. Rf2 (32. Rf1 $11) 32... Nf5 $40 {[%emt 0:01:49][%mdl 128] Black mounts an attack.} 33. a3 Qe3 34. Rf3 Qe2 (34... Qh6 $5 ) 35. Rd3 (35. Rf1 $11 {might be stronger.}) 35... Rc8 $15 36. Rd2 Qe3 37. Qg2 Nh4 38. Qe2 {[%emt 0:07:09] [#] White is on the road to losing.} (38. Qh1 $1 $15 Nf5 39. Rd1) 38... Qxe2 $1 $19 39. Rxe2 {[%emt 0:00:04][%mdl 4096] Endgame KRB-KRN} Kf7 40. Bd2 Nf5 41. c3 Rh8 {[%emt 0:00:33] Inhibits Rh2.} 42. Bf4 Rh4 43. Rf2 Rg4 44. Kc2 g5 45. Be5 Kg6 46. Kd2 (46. Kb3 $17) 46... Rg1 47. Bh2 Rb1 48. Kc2 Re1 49. Kd2 Re4 50. Re2 $2 (50. Bc7) 50... Rxe2+ 51. Kxe2 {[%emt 0:00:36] KB-KN} g4 52. Kf2 b5 53. Bf4 Kf6 54. Kg2 Ne7 55. Kg3 $2 (55. Kf2) 55... Kf5 56. Bd6 Ng8 {[%emt 0:00:17] ...Nf6 is the strong threat.} 57. Be5 Nh6 58. Bf4 Nf7 {[%emt 0:00:22] aiming for ...Ng5.} 59. Bc7 Ng5 {[%emt 0:00:11] Strongly threatening ...Ne4+.} 60. Kg2 $2 (60. Kf2 Ne4+ 61. Kf1) 60... Ne4 {[%emt 0:00:41] Black is clearly winning.} 61. Bd8 Nd2 62. Be7 Nc4 63. b3 Nd2 {[%emt 0:00:13] Weighted Error Value: White=0.59/Black=0.34} 0-1

[Event "12th WLC Weekend 2022"]
[Site "Eindhoven"]
[Date "2022.05.14"]
[Round "3.20"]
[White "Straat, Evert-Jan"]
[Black "Plasmans, Bart"]
[Result "1-0"]
[ECO "A99"]
[WhiteElo "2034"]
[BlackElo "1775"]
[Annotator "TA"]
[PlyCount "115"]
[EventDate "2022.05.13"]
[EventType "swiss"]
[EventCountry "NED"]
[SourceTitle "playchess.com"]
[Source "ChessBase"]
[SourceQuality "1"]
[TimeControl "5400+30"]

1. d4 e6 2. c4 f5 3. Nf3 Nf6 4. g3 Be7 5. Bg2 O-O 6. O-O d6 7. b3 a5 8. Bb2 Qe8 {[%emt 0:03:16] 8...a4 is more fashionable.} 9. Nc3 Na6 10. Re1 Ne4 {[%emt 0:06:38] A99: Classical Dutch: Fluid Systems: 7 Nc3 Qe8 8 b3.} 11. e3 c6 {[%emt 0:09:35] [#]} 12. Nxe4 $146 ({Predecessor:} 12. a3 Bd8 13. Qc2 d5 14. Ne2 Nb8 15. Ne5 Nd7 16. f3 Nef6 17. Nf4 Bc7 18. Nfd3 {½-½ (97) Schoen,W (2390)-Kampmann,H Dortmund 1991}) 12... fxe4 {[%emt 0:00:11] White has an edge.} 13. Nd2 d5 14. f3 exf3 15. Nxf3 Bf6 16. e4 Qh5 (16... dxc4 $11 {remains equal.} 17. bxc4 e5) 17. Rc1 Bd7 (17... Rd8 $14) 18. exd5 (18. Ne5 $142 $1 Qxd1 19. Rcxd1 (19. Rexd1 Rad8 $16) 19... Bxe5 20. dxe5) 18... exd5 $16 19. Ne5 (19. cxd5 {feels hotter.} Bg4 20. dxc6 bxc6 21. Rxc6 Nb4 22. Rc5) 19... Qxd1 20. Rcxd1 Bxe5 (20... Rfd8 $1 $14) 21. dxe5 Nb4 (21... Bg4 $16) 22. a3 $2 (22. e6 $18 Be8 23. e7 (23. cxd5 Nxd5 24. e7 Rf5 $18)) 22... Bg4 (22... Nc2 $11) 23. axb4 $18 Bxd1 24. Rxd1 dxc4 25. bxc4 axb4 26. e6 Rad8 27. Re1 Rfe8 28. Bc1 {[%emt 0:00:24] Prevents Rd2.} b3 {[%emt 0:01:07] [#]} (28... Rd4 $16 {was necessary.} 29. Bf1 h6) 29. Bh3 $1 {[%emt 0:00:50] Strongly threatening e7.} Rd4 (29... Ra8 {was worth a try.} 30. Bf4 Ra4) 30. c5 {[%emt 0:00:20] Hoping for e7.} Rd5 $2 (30... Rc4 31. Ba3 (31. e7 Rxe7 32. Rxe7 Rxc1+ 33. Kg2 b2 $15) 31... Kf8 32. Rf1+ (32. Re3 Rd4 $16) 32... Kg8) 31. Ba3 $2 (31. e7 $18 {and the rest is easy. And now Be6+ would win.} Rxe7 32. Rxe7 Rd1+ 33. Kf2 Rxc1 34. Be6+ Kf8 35. Rf7+ Ke8 36. Bxb3) 31... g6 $2 (31... Kf8 $16 {is a better chance.} 32. Rf1+ Ke7) 32. e7 Rd2 $2 (32... Rf5 33. Bxf5 gxf5) 33. Bc8 $2 Ra2 $2 (33... Rxc8 $2 34. e8=Q+ Rxe8 35. Rxe8+ Kf7 36. Re3 $16 (36. Rb8 Rd7 $16)) (33... b2 $16 {was called for.}) 34. Bxb7 $2 Rxa3 $11 35. Bxc6 Kf7 36. Bxe8+ Kxe8 {[%emt 0:00:04][%mdl 4096] Endgame KR-KR} 37. Kf2 Ra2+ 38. Kf3 (38. Ke3 $15) 38... Rc2 $2 (38... Rxh2 $19 {Threatens to win with ...b2.} 39. Ke4 Kxe7 40. Kd5+ Kd7 41. c6+ Kd8) 39. Rb1 Rc3+ ({Better is} 39... b2 $15 40. h3 Kxe7) 40. Ke4 {[%emt 0:00:02] Kd4 is the strong threat.} Kxe7 41. Kd4 Rf3 42. Kc4 Rf2 $1 43. Rxb3 {[%emt 0:00:13] Black must now prevent Rb7+.} Rxh2 44. Kd5 Rd2+ 45. Kc6 h5 $2 (45... Rc2 $11 {and Black is okay.}) 46. Kc7 $2 (46. Kb7 $18) 46... g5 $2 (46... Kf6 $11) 47. c6 $18 h4 {[%emt 0:00:10] [#]} 48. gxh4 $1 ({Inferior is} 48. Re3+ Kf6 $11) 48... gxh4 49. Kb7 Rd4 50. c7 Rd7 51. Rd3 Rxd3 52. c8=Q {[%emt 0:00:03] KQ-KR} h3 53. Qh8 {[%emt 0:00:26] White threatens Qh7+ and mate.} Rb3+ 54. Kc6 Ra3 55. Qh4+ Kf7 56. Kc5 (56. Qc4+ $142 Kg6 57. Qc2+ Kf7 58. Qf5+ Kg7 59. Qd7+ Kh6 60. Qd6+ Kh5 61. Qxa3) 56... Kg6 57. Kb4 Ra7 58. Qg3+ {[%emt 0:00:30] Weighted Error Value: White=0.94/Black=1.25} (58. Qe4+ $142 Kh5 59. Qf3+ Kg6 60. Qd3+ Kh5 61. Qxh3+ Kg6 62. Qg2+ Kh6 63. Qh1+ Kg7 64. Qg1+ Kh7 65. Qxa7+ Kg6 66. Kc5) 1-0

[Event "12th WLC Weekend 2022"]
[Site "Eindhoven"]
[Date "2022.05.14"]
[Round "3.21"]
[White "Van der Velden, Alain"]
[Black "Van de Put, Jeroen"]
[Result "1/2-1/2"]
[ECO "A45"]
[WhiteElo "1659"]
[BlackElo "1987"]
[Annotator "TA"]
[PlyCount "21"]
[EventDate "2022.05.13"]
[EventType "swiss"]
[EventCountry "NED"]
[SourceTitle "playchess.com"]
[Source "ChessBase"]
[SourceQuality "1"]
[TimeControl "5400+30"]

1. d4 Nf6 2. Bg5 c5 3. d5 d6 4. Nc3 Nbd7 5. e4 a6 6. a4 $1 {[%emt 0:00:33] [#] Prevents b5. A45: Trompowsky Attack.} Rb8 $146 ({Predecessor:} 6... g6 7. Nf3 Bg7 8. Nd2 O-O 9. Be2 Rb8 10. O-O Ne8 11. a5 h6 12. Be3 Nc7 {1-0 (44) Erigaisi,A (2616)-Martirosyan,H (2656) Riga 2021}) 7. Nf3 g6 8. Nd2 {[%emt 0:02:35] White is more active.} Bg7 9. a5 b5 10. axb6 $1 Nxb6 11. Bxa6 {[%emt 0:01:26] Black did not feel at home in the position after the opening.  Weighted Error Value: White=0.05 (flawless) /Black=0.11 (very precise)} 1/2-1/2

[Event "12th WLC Weekend 2022"]
[Site "Eindhoven"]
[Date "2022.05.14"]
[Round "3.22"]
[White "Broekhuis, Jan"]
[Black "Duson, Robin"]
[Result "0-1"]
[ECO "B22"]
[WhiteElo "1845"]
[BlackElo "1980"]
[Annotator "TA"]
[PlyCount "58"]
[EventDate "2022.05.13"]
[EventType "swiss"]
[EventCountry "NED"]
[SourceTitle "playchess.com"]
[Source "ChessBase"]
[SourceQuality "1"]
[TimeControl "5400+30"]

1. e4 c5 2. Nf3 e6 3. c3 d5 4. exd5 Qxd5 5. d4 Nf6 6. Be2 Nc6 7. O-O Be7 8. dxc5 Bxc5 {[%emt 0:01:49] B22: Sicilian: 2 c3.} 9. Nbd2 O-O 10. Nb3 {[%emt 0:01:26] [#] Black must now prevent Qxd5.} Bb6 {[%emt 0:01:45][%cal Bc5b6,Bb6c7,Bc7e5,Be5g3][%mdl 32] The position is equal.} 11. Qxd5 Nxd5 {[%emt 0:01:18] [#]} 12. a3 $146 ({Predecessor:} 12. Bc4 Nce7 13. Bxd5 exd5 14. Bf4 Nf5 15. Rad1 Be6 16. Nbd4 Nxd4 17. Nxd4 Rac8 18. Nxe6 fxe6 19. Bg3 a5 20. Be5 Rf5 21. Bg3 Rcf8 22. Rde1 R5f6 23. Re2 {½-½ (23) Keilholz,S-Fritsch Gruendel,T freechess.de 2015}) 12... e5 13. c4 Nf6 14. c5 Bc7 15. h3 Be6 16. Nbd2 e4 17. Ne1 Nd4 18. Bd1 Rfd8 19. Nc2 Be5 $36 {[%emt 0:03:08][%mdl 2048] Black is on the roll. Black is much more active. The white rooks are badly placed.} 20. Re1 Rac8 21. f3 $2 {[%emt 0:18:50][%mdl 8192] This move loses the game for White.} (21. Nxd4 $17 {is a better chance.} Rxd4 22. f4) 21... Rxc5 $19 22. Ne3 Bg3 23. Rf1 Bf4 24. Re1 Bxe3+ 25. Rxe3 Nc2 26. Bxc2 Rxc2 27. Nf1 $2 (27. fxe4 Rdxd2 28. Bxd2 Rxd2 29. b3) 27... exf3 {[%emt 0:01:23] [#] Hoping for ...f2+. Black is clearly winning.} 28. Rxf3 Rd1 29. Rc3 Re2 {[%emt 0:00:27] Weighted Error Value: White=0.69/Black=0.24 (precise)} 0-1

[Event "12th WLC Weekend 2022"]
[Site "Eindhoven"]
[Date "2022.05.14"]
[Round "3.23"]
[White "Simons, Rudy"]
[Black "Geboers, Jimmy"]
[Result "1-0"]
[ECO "C06"]
[WhiteElo "2046"]
[BlackElo "1845"]
[Annotator "TA"]
[PlyCount "77"]
[EventDate "2022.05.13"]
[EventType "swiss"]
[EventCountry "NED"]
[SourceTitle "playchess.com"]
[Source "ChessBase"]
[SourceQuality "1"]
[TimeControl "5400+30"]

1. e4 e6 2. d4 d5 3. Nd2 Nf6 4. e5 Nfd7 5. Bd3 c5 6. c3 Nc6 7. Ne2 Qb6 8. Nf3 f6 9. exf6 Nxf6 10. O-O cxd4 11. cxd4 Bd6 12. Nc3 a6 {[%emt 0:04:26] C06: French Tarrasch: 3...Nf6 4 e5 Nfd7 5 Bd3 main lines.} (12... Nxd4 $2 13. Nxd4 a6 14. Be3 $18) 13. a3 Qc7 (13... Nxd4 $2 14. Nxd4 (14. Qa4+ Nc6 $15) 14... O-O 15. Be3 $18) 14. Bg5 O-O {[%emt 0:00:57] White has an edge.} 15. Bh4 (15. h3 {with more complications.} Nh5 16. Rc1 Nf4 17. Na4) 15... Bd7 16. Bg3 {[%emt 0:01:46] [#]} Rae8 $146 ({Predecessor:} 16... Bxg3 17. hxg3 Rae8 18. Rc1 Qd6 19. Ne2 e5 20. dxe5 Nxe5 21. Nxe5 Rxe5 22. Qb3 Ng4 23. f3 Ne3 24. f4 Nxf1 25. fxe5 Qxe5 26. Rxf1 Qe3+ 27. Kh2 Qh6+ {½-½ (27) Sarauskas,A (1741)-Boyajyan,D (1655) Plateliai 2018}) 17. Bc2 b5 18. Rc1 Bf4 19. Ne2 Bxg3 20. hxg3 Qd6 21. Nf4 e5 22. dxe5 Nxe5 23. Nxe5 Rxe5 24. Qd4 Bf5 (24... Rfe8 $14) 25. Bxf5 $16 Rxf5 26. Rfd1 {[%emt 0:03:23] White is more active.} (26. Rfe1 {seems wilder.} Re8 27. Rxe8+ Nxe8 28. Rc8) 26... Re8 27. Qc5 (27. Nd3 {feels hotter.} Ne4 28. Re1 Rh5 29. Nf4) 27... Qxc5 28. Rxc5 g5 (28... h5 $14) 29. Nxd5 Nxd5 30. Rcxd5 Rxd5 31. Rxd5 {[%emt 0:00:05][%mdl 4096] Endgame KR-KR} Re1+ 32. Kh2 Re2 33. Rxg5+ Kf7 34. Rf5+ Kg7 $2 {[%emt 0:00:12][%mdl 8192] [#] Black cannot hold the game after this.} (34... Kg6 $16 {is tougher.} 35. Rc5 Rxf2) 35. b4 $18 Ra2 36. Rf3 Kg6 (36... h5 $142 37. Kh3 Kg6) 37. g4 {[%emt 0:00:40][%cal Bg3g4,Bg4h5][%mdl 32] White is clearly winning.} Kg5 38. Kg3 h5 39. gxh5 {[%emt 0:00:51] Weighted Error Value: White=0.08 (flawless) /Black=0.46} 1-0